 Dungeon Crawl Stone Soup version 0.26-b1-32-g5d43845 (webtiles) character file.

Game seed: 2055220647460758966

178 TalculmPowers the Skirmisher (level 5, -5/46 HPs)
             Began as a Ghoul Fighter on Jan 9, 2021.
             Splashed by a gnoll's acid (11 damage)
             ... on level 3 of the Dungeon on Jan 10, 2021.
             The game lasted 00:33:08 (2854 turns).

TalculmPowers the Skirmisher (Ghoul Fighter)        Turns: 2854, Time: 00:33:08

Health: -5/46      AC: 16    Str: 19 (20) XL:     5   Next: 58%
Magic:  4/4        EV:  3    Int:  3 (4)  God:
Gold:   114        SH:  9    Dex:  8      Spells: 4/4 levels left

rFire    . . .     SeeInvis .   a - +0 war axe
rCold    + + .     Faith    .   c - +0 kite shield
rNeg     + + +     Spirit   .   i - +1 plate armour
rPois    ∞         Reflect  .   (no helmet)
rElec    .         Harm     .   (no cloak)
rCorr    .         Rampage  .   k - +0 pair of gloves (curse)
Will     .....                  m - +2 pair of boots
Stlth    ..........             (no amulet)
HPRegen  0.00/turn              h - ring of protection from cold
MPRegen  0.09/turn              n - ring of flight

@: no status effects
A: claws 1, cold resistance 1, negative energy resistance 3, inhibited
regeneration, torment resistance, unbreathing
a: Evoke Flight


You were on level 3 of the Dungeon.
You visited 1 branch of the dungeon, and saw 3 of its levels.

You collected 114 gold pieces.

Inventory:

Hand Weapons
 a - a +0 war axe (weapon)
Missiles
 f - 6 boomerangs
 j - 117 stones (quivered)
 r - 10 poisoned darts
Armour
 b - a +0 scale mail
 c - a +0 kite shield (worn)
 e - a +0 ring mail
 g - a cursed +0 ring mail
 i - a +1 plate armour (worn)
 k - a cursed +0 pair of gloves (worn)
 l - a +1 ring mail of poison resistance
 m - a +2 pair of boots (worn)
Jewellery
 h - a ring of protection from cold (left hand)
 n - a ring of flight (right hand)
Wands
 o - a wand of paralysis (5)
Scrolls
 s - a scroll of teleportation
Potions
 d - a potion of might
 p - a potion of magic {unknown}
 q - 2 potions of curing {unknown}


   Skills:
 + Level 4.3 Fighting
 + Level 2.8 Axes
 + Level 3.6 Armour
 + Level 3.5 Shields
 + Level 0.7 Evocations


You had 4 spell levels left.
You didn't know any spells.
Your spell library was empty.

Dungeon Overview and Level Annotations

Branches:
Dungeon (3/15)

Altars:
Fedhas
Qazlal

Annotations:
D:3 1 transporter


Innate Abilities, Weirdness & Mutations

You thrive by killing the living.
You are immune to poison.
You have sharp fingernails.
Your flesh is cold resistant. (rC+)
You are immune to negative energy. (rN+++)
You do not regenerate when monsters are visible.
You are immune to unholy pain and torment.
You can survive without breathing.


Message History

Thesequoiad's ghost barely misses you.
You barely miss thesequoiad's ghost.
Thesequoiad's ghost is almost destroyed.
You block thesequoiad's ghost's attack.
You slash thesequoiad's ghost!
You destroy thesequoiad's ghost!
You feel your strength returning.
You start resting.
A gnoll is nearby!
There is a transporter landing site here.
You can't go down here!
Throw: 118 stones
Press: ? - help, Q - select action, (/) - cycle Shift-Dir - straight line, f - gnoll
Aim: a gnoll, wielding a +0 spear, wearing a +6 ring of intelligence and carrying a wand of acid (12) (wandering, hasn't noticed you)
You throw a stone. The stone completely misses the gnoll.
The gnoll shouts!
The gnoll zaps a wand.
The bolt of acid hits you.
* * * LOW HITPOINT WARNING * * *
You are splashed with acid!
You die...

....≈≈≈≈≈≈≈≈≈≈≈≈≈≈≈≈≈≈≈≈≈≈≈≈≈...<
....≈≈≈≈≈≈≈≈≈≈≈≈≈≈≈≈≈≈≈≈≈≈≈≈≈....
....≈≈#####...........#####≈≈....
##..≈≈#.#.#.###[©.###.#.#.#≈≈....
#..≈≈#...###.#####©###...#≈≈....
#..≈≈###..,............###≈≈..##
#..≈≈.8#.######'######.#8.≈≈..#
#..≈≈.##.#.⌠.#..8#,,,#.##.≈≈..#
#..≈≈.#.('..)).@⌠#,,.'.g#.≈≈..#
#..≈≈.##.#.⌠.#..8#,gg#.##.≈≈..#
#..≈≈.8#.######)######.#8.≈≈.)#
#..≈≈###........g..g...###≈≈..#
#..≈≈#...###.#####.###g..#≈≈..#
#..≈≈#.#.#.###.©.###.#g#g#≈≈..#
#..≈≈#####...........#####≈≈..#
#..≈≈≈≈≈≈≈≈≈≈≈...≈≈≈≈≈≈≈≈≈≈≈..#
#..≈≈≈≈≈≈≈≈≈≈≈...≈≈≈≈≈≈≈≈≈≈≈..#


You could see a gnoll.

Vanquished Creatures
  The ghost of thesequoiad the Skirmisher, a weakling FoWn (D:3)
  A hound (D:3)
  3 gnolls (D:3)
  2 adders (D:2)
  2 worms (D:2)
  3 dart slugs
  A leopard gecko (D:1)
  5 giant cockroaches
  3 hobgoblins
  4 jackals (D:1)
  10 kobolds
  A ball python (D:1)
  4 bats (D:1)
  4 frilled lizards
  3 goblins
  8 rats
55 creatures vanquished.

Vanquished Creatures (others)
  15 plants
15 creatures vanquished.

Grand Total: 70 creatures vanquished

Notes
Turn   | Place    | Note
-------+----------+-------------------------------------------
     0 | D:1      | TalculmPowers the Ghoul Fighter began the quest for the
                  | Orb.
     0 | D:1      | Reached XP level 1. HP: 19/19 MP: 0/0
    99 | D:1      | Reached XP level 2. HP: 25/26 MP: 1/1
   368 | D:1      | Reached XP level 3. HP: 31/31 MP: 2/2
  1406 | D:2      | Reached XP level 4. HP: 40/40 MP: 3/3
  2196 | D:3      | Reached skill level 4 in Fighting
  2451 | D:3      | Found a blossoming altar of Fedhas.
  2457 | D:3      | Found a stormy altar of Qazlal.
  2486 | D:3      | Found a transporter.
  2672 | D:3      | Found a transporter.
  2676 | D:3      | Identified the -1 kite shield of Yseylye {Harm rF+}
  2676 | D:3      | Noticed a gnoll sergeant
  2708 | D:3      | Noticed thesequoiad's ghost (weakling FoWn)
  2807 | D:3      | Reached XP level 5. HP: 32/46 MP: 4/4
  2827 | D:3      | Killed thesequoiad's ghost
  2854 | D:3      | Splashed by a gnoll's acid

Illustrated notes

Levels and vault maps discovered:
D:1:      wheals_arrival_linesprint, layout_rooms,
          minmay_misc_feat_four_crosses, lexackson_kobold_supper
D:2:      layout_basic
D:3:      layout_rooms, grunt_temple_overflow_forces_of_nature,
          gammafunk_ghost_gnarly_gnolls, dk_noncrumbling_2

Skill      XL: |  1  2  3  4 |
---------------+-------------+-----
Axes           | 2 |  2.8
Armour         | 3 |  3.6
Shields        | 3 |  3.5
Fighting       | 4 |  4.3
Evocations     | |  0.7

Action                   |  1- 3 |  4- 6 || total
-------------------------+-------+-------++-------
Melee: War axe           |   105 |   111 ||   216
Throw: Stone             |    77 |    39 ||   116
  Use: Scroll            |     3 |     5 ||     8
       Potion            |     3 |     1 ||     4
Armor: Scale mail        |    51 |       ||    51
       Plate armour      |    10 |    87 ||    97
Dodge: Dodged            |    36 |    12 ||    48
Block: Kite shield       |    44 |    68 ||   112
